 Seeded DCSS version 0.30-a0-305-g026cb31310 (webtiles) character file.

Game seed: 17790380096243088950 (custom seed)

814 purpskrrrp the Grappler (level 7, 0/61 HPs)
             Began as a Troll Transmuter on Oct 22, 2022.
             Was a Believer of Dithmenos.
             Succumbed to their own poison gas
             ... on level 5 of the Dungeon.
             The game lasted 00:07:00 (3862 turns).

purpskrrrp the Grappler (Troll Transmuter)          Turns: 3862, Time: 00:07:01

Health: 0/61       AC:  4    Str: 21    XL:     7   Next: 62%
Magic:  7/7        EV:  9    Int:  9    God:    Dithmenos [**....]
Gold:   201        SH:  0    Dex: 10    Spells: 7/8 levels left

rFire   . . .      SeeInvis .      - Unarmed
rCold   . . .      Faith    .    (no shield)
rNeg    . . .      Spirit   .    a - +0 robe
rPois   .          Reflect  .    (helmet restricted)
rElec   .          Harm     .    (no cloak)
rCorr   .          Rampage  .    (gloves unavailable)
Will    .....                    (boots unavailable)
Stlth   +.........               u - amulet of magic regeneration
HPRegen 1.10/turn                (no ring)
MPRegen 0.50/turn                (no ring)

@: mighty, lethally poisoned (0 -> -25), wreathed by umbra
A: large, unfitting armour, claws 3, regeneration 1, shaggy fur 1, tough skin 1
a: Renounce Religion, Shadow Step


You were on level 5 of the Dungeon.
You worshipped Dithmenos.
Dithmenos was pleased with you.
You visited 1 branch of the dungeon, and saw 5 of its levels.

You collected 201 gold pieces.

Inventory:

Armour
 a - a +0 robe (worn)
Jewellery
 u - an amulet of magic regeneration (around neck)
Wands
 r - a wand of paralysis (3)
 v - a wand of digging (4)
 x - a wand of polymorph (8)
Scrolls
 d - a scroll of poison
 h - a scroll of immolation
 j - a scroll of amnesia
 o - a scroll of butterflies
 t - a scroll of teleportation
Potions
 b - 3 potions of lignification
 e - 5 potions of curing
 f - 2 potions of mutation
 i - a potion of ambrosia
 k - 2 potions of haste
 l - a potion of brilliance
 s - a potion of resistance {unknown}
 w - a potion of attraction {unknown}


   Skills:
 - Level 0.7 Fighting
 - Level 1.5 Dodging
 + Level 9.2 Unarmed Combat
 - Level 1.2 Spellcasting
 - Level 1.3 Transmutations


You had 7 spell levels left.
You knew the following spells:

 Your Spells              Type           Power      Damage    Failure   Level
a - Beastly Appendage     Tmut           6%         N/A       21%         1

Your spell library contained the following spells:

 Spells                   Type           Power      Damage    Failure   Level
 Sting                    Tmut/Pois      4%         1d3       26%         1
 Wereblood                Tmut           3%         N/A       30%         2
 Poisonous Vapours        Pois/Air       0%         N/A       50%         2
 Spider Form              Tmut/Pois      1%         N/A       63%         3
 Ice Form                 Ice/Tmut       1%         N/A       95%         4
 Olgreb's Toxic Radiance  Pois           0%         N/A       98%         4
 Fireball                 Conj/Fire      0%         3d3       100%        5
 Iskenderun's Battlesphe  Conj           0%         2d6       100%        5
 Conjure Ball Lightning   Conj/Air       0%         3x3d6     100%        6
 Orb of Destruction       Conj           0%         9d5       100%        7


Dungeon Overview and Level Annotations

Branches:
Dungeon (5/15)             Temple (0/1) D:4

Altars:
Dithmenos
Hepliaklqana
Kikubaaqudgha
Okawaru
Xom
The Shining One

Shops:
D:4 (


Innate Abilities, Weirdness & Mutations

You are too large for most types of armour.
You have claws for hands.
Your natural rate of healing is unusually fast.
You are covered in fur. (AC +1)
You have tough skin. (AC +1)


Message History

You feel sick.
You feel sick.
You feel sick. The shadow imp gestures at you. Pain shoots through your body!
You feel sick.
The shadow imp shouts, "Scamper home, thou droning sheep-biting fustilarian!"
You miss the water moccasin.
The water moccasin is lightly wounded.
You feel sick.
You are no longer poisoned.
The water moccasin bites you. The phantom hits you.
It was a potion of might.
You feel very mighty all of a sudden. The water moccasin bites you!
* * * LOW HITPOINT WARNING * * *
You are poisoned.
The water moccasin poisons you! The water moccasin barely misses you.
The phantom hits you.
* * * LOW HITPOINT WARNING * * *
The shadow imp hits you but does no damage.
You feel better. The water moccasin closely misses you.
The shadow imp hits you. The phantom hits you.
* * * LOW HITPOINT WARNING * * *
The phantom blinks!
You blink.
You claw the worm!
The worm is severely wounded.
You are engulfed in poison gas.
You are poisoned.
* * * LOW HITPOINT WARNING * * *
You feel very sick. The worm bites you.
* * * LOW HITPOINT WARNING * * *
You mangle the worm!!
You kill the worm!
Dithmenos accepts your kill.
You are engulfed in poison gas.
You are lethally poisoned!
* * * LOW HITPOINT WARNING * * *
You die...

..####..............
............)..........
........#........○○...
....†...#..o..o..○§..
........#..{o....§§.# .
....................##..
..........○§............
.........##○☼§###○○.....
.........§5§S§§§@†§.....
.........§○§§○§W○§○...##
.....§§§☼§☼§§○§...#
.....§§§○§§§§§§...#
.....○§§§§☼☼○§§...#
.....○§######☼☼.....
.....§# .○..... .##...
#...... ....


You could see a water moccasin, a phantom and a shadow imp.

Vanquished Creatures
  Duvessa (D:4)
  A water moccasin (D:5)
  A kobold brigand (D:4)
  A necrophage (D:4)
  A scorpion (D:4)
  Dowan (D:4)
  A jelly (D:4)
  An orc priest (D:4)
  A hound (D:5)
  An iguana (D:4)
  Terence (D:3)
  4 gnolls (D:4)
  6 adders
  2 ufetubi (D:5)
  2 worms
  5 dart slugs
  5 orcs
  7 endoplasms
  A giant cockroach (D:1)
  6 goblins
  12 hobgoblins
  7 jackals
  20 kobolds
  3 quokkas
  12 ball pythons
  7 bats
  2 frilled lizards (D:1)
  4 rats
116 creatures vanquished.

Notes
Turn   | Place    | Note
-------+----------+-------------------------------------------
     0 | D:1      | purpskrrrp the Troll Transmuter began the quest for the
                  | Orb.
     0 | D:1      | Reached XP level 1. HP: 18/18 MP: 1/1
    77 | D:1      | Reached XP level 2. HP: 21/26 MP: 2/2
   159 | D:1      | Reached skill level 4 in Unarmed Combat
   174 | D:1      | You fall into a shaft and drop 1 floor!
   281 | D:2      | Reached XP level 3. HP: 32/32 MP: 3/3
   555 | D:2      | Reached XP level 4. HP: 40/40 MP: 4/4
   561 | D:2      | Reached skill level 5 in Unarmed Combat
  1462 | D:3      | Found a faded altar of an unknown god.
  1465 | D:3      | Prayed at the altar of an unknown god.
  1465 | D:3      | Became a worshipper of Dithmenos the Shadowed
  1465 | D:3      | Reached * piety under Dithmenos
  1488 | D:3      | Found a shimmering altar of Xom.
  1563 | D:3      | Noticed Terence
  1572 | D:3      | Killed Terence
  1573 | D:3      | Reached XP level 5. HP: 25/44 MP: 5/5
  2192 | D:4      | Noticed Dowan
  2192 | D:4      | Noticed Duvessa
  2193 | D:4      | Found Irorotuk's Antique Weapon Boutique.
  2199 | D:4      | Killed Duvessa
  2200 | D:4      | Reached skill level 6 in Unarmed Combat
  2200 | D:4      | Reached XP level 6. HP: 28/54 MP: 4/6
  2208 | D:4      | Killed Dowan
  2209 | D:4      | Reached skill level 7 in Unarmed Combat
  2339 | D:4      | Found a staircase to the Ecumenical Temple.
  2414 | D:4      | Reached ** piety under Dithmenos
  2514 | D:4      | Found an iron altar of Okawaru.
  2529 | D:4      | Reached skill level 8 in Unarmed Combat
  2537 | D:4      | Reached XP level 7. HP: 41/61 MP: 7/7
  2822 | D:4      | Found a glowing golden altar of the Shining One.
  2945 | D:4      | Found an ancient bone altar of Kikubaaqudgha.
  3736 | D:5      | Entered Level 5 of the Dungeon
  3757 | D:5      | Found a hazy altar of Hepliaklqana.
  3835 | D:5      | Reached skill level 9 in Unarmed Combat
  3862 | D:5      | Succumbed to their own poison gas

Illustrated notes

Levels and vault maps discovered:
D:1:      dpeg_arrival_water_temple_mockup, layout_basic,
          nicolae_figureground_pulse
D:2:      layout_loops_cross, minmay_goblin_kobold_house
D:3:      layout_basic, xom_teletrap_fun,
          hellmonk_ecumenical_altar_heavens_door, chequers_jeans, minmay_cupped,
          uniq_terence
D:4:      cheibrodos_thug_alley, layout_layer_cave, tso_altar,
          mainiacjoe_overflow_brackets, mainiacjoe_overflow_boulevard,
          minmay_temple_entry_sparse_star, serial_shops, shop, uniq_duvessa
D:5:      layout_basic, lemuel_doored_altar, nicolae_hepliaklqana_hazy_memory,
          minmay_a_box_with_orc_wizards_in_it

Skill      XL: |  1  2  3  4  5  6  7 |
---------------+----------------------+-----
Unarmed Combat | 4 5 6 8 9 |  9.2
Fighting       | |  0.7
Dodging        | |  1.5
Spellcasting   | |  1.2
Transmutations | |  1.3

Action                   |  1- 3 |  4- 6 |  7- 9 || total
-------------------------+-------+-------+-------++-------
Melee: Unarmed           |    90 |   162 |    53 ||   305
       Kick              |     1 |    12 |     2 ||    15
       Headbutt          |       |     5 |       ||     5
       Punch             |       |     3 |     2 ||     5
 Cast: Beastly Appendage |     1 |     9 |     5 ||    15
Evoke: Wand              |       |       |     5 ||     5
  Use: Scroll            |       |       |    16 ||    16
       Potion            |       |       |     2 ||     2
 Stab: Sleeping          |       |     1 |       ||     1
Armor: Robe              |    49 |    40 |    19 ||   108
Dodge: Dodged            |    54 |    70 |    35 ||   159

Table legend: (Time is in decaauts)
 A = Elapsed time spent in this place.
 B = Non-inter-level travel time spent in this place.
 C = Inter-level travel time spent in this place.
 D = Time resting spent in this place.
 E = Time spent auto-exploring this place.
 F = Levels seen in this place.
 G = Mean time per level.
                   A        B        C        D        E       F      G
               +--------+--------+--------+--------+--------+-----+--------+
         Total |   3832 |   3720 |    112 |    398 |   2666 |   5 |  766.4 |
       Dungeon |   3832 |   3720 |    112 |    398 |   2666 |   5 |  766.4 |
               +--------+--------+--------+--------+--------+-----+--------+

Top non-repeatable levels by time:
     D:4: 1549 daAuts
     D:1: 742 daAuts
     D:3: 740 daAuts
     D:2: 679 daAuts
     D:5: 121 daAuts
